Map: [ESL] Alcyone

Players

GunGFuBanDa

  • Race: Protoss Protoss
  • Spawn Location: 7:00

Krystianer - Winner!

  • Race: Protoss Protoss
  • Spawn Location: 1:00

Event: ESL SC2 Masters 2023 Winter (Regional)

VOD

Have the link to the VOD?

Description

Time

  • Played on: Nov. 11, 2023, 11:16 a.m.
  • Length: 18:06

All games in this series

Show
View Real Time Build Order
Export as new Build Order

GunGFuBanDa Protoss 

Build Orders:  

Get SALT Encoding   

  12  0:00  Probe  
  13  0:12  Probe  
  14  0:17  Pylon  
  14  0:24  Probe (Chrono Boost)  
  16  0:36  Gateway  
  16  0:37  Probe (Chrono Boost)  
  16  0:42  Probe (Chrono Boost)  
  16  0:45  Assimilator  
  17  0:51  Probe  
  17  0:54  Assimilator  
  18  1:03  Probe (Chrono Boost)  
  19  1:07  Gateway  
  19  1:13  Probe (Chrono Boost)  
  19  1:18  Probe (Chrono Boost)  
  21  1:25  Cybernetics Core  
  21  1:30  Probe  
  22  1:34  Pylon  
  22  1:42  Probe  
  23  1:54  Probe  
  24  2:01  Stalker  
  24  2:02  Warp Gate, Stalker  
  28  2:09  Pylon  
  28  2:15  Probe  
  29  2:31  Stalker  
  29  2:32  Stalker  
  33  2:39  Robotics Facility  
  32  2:54  Gateway  
  32  3:02  Stalker x2  
  36  3:12  Pylon  
  36  3:21  Shield Battery  
  36  3:29  Warp Prism (Chrono Boost)  
  38  3:52  Stalker  
  38  3:53  Stalker  
  38  3:55  Stalker  
  44  4:06  Pylon  
  44  4:07  Observer  
  45  4:16  Stalker  
  47  4:26  Cybernetics Core  
  47  4:30  Pylon  
  45  4:41  Stalker x2  
  47  4:56  Sentry  
  46  5:03  Probe (Chrono Boost)  
  45  5:13  Probe (Chrono Boost)  
  45  5:22  Probe  
  45  5:25  Pylon  
  45  5:27  Observer  
  46  5:35  Probe (Chrono Boost)  
  47  5:44  Twilight Council  
  47  6:07  Probe  
  48  6:19  Probe (Chrono Boost)  
  48  6:22  Blink  
  49  6:31  Probe (Chrono Boost)  
  50  6:37  Probe (Chrono Boost)  
  51  6:40  Nexus  
  51  6:45  Probe  
  52  6:47  Sentry  
  54  6:55  Pylon  
  54  6:58  Probe  
  55  7:13  Sentry  
  55  7:14  Probe (Chrono Boost)  
  55  7:15  Sentry  
  60  7:19  Shield Battery  
  60  7:26  Probe (Chrono Boost)  
  60  7:28  Forge  
  61  7:34  Probe (Chrono Boost)  
  62  7:40  Probe  
  63  7:52  Probe (Chrono Boost)  
  63  7:58  Probe (Chrono Boost)  
  65  8:01  Protoss Ground Weapons Level 1  
  65  8:02  Probe (Chrono Boost)  
  67  8:06  Probe (Chrono Boost)  
  67  8:07  Probe (Chrono Boost)  
  68  8:15  Stalker x2  
  68  8:16  Probe  
  68  8:18  Probe  
  74  8:28  Immortal (Chrono Boost)  
  78  8:35  Shield Battery  
  78  8:49  Shield Battery  
  78  8:50  Pylon  
  78  9:07  Observer, Immortal (Chrono Boost)  
  78  9:08  Probe x2  
  84  9:11  Nexus  
  84  9:23  Probe x2  
  86  9:26  Assimilator  
  86  9:36  Pylon  
  86  9:37  Pylon  
  86  9:48  Observer  
  86  9:55  Protoss Ground Weapons Level 2 (Chrono Boost)  
  86  9:56  Probe  
  86  9:57  Probe  
  88  10:06  Pylon  
  88  10:08  Probe (Chrono Boost)  
  88  10:09  Pylon  
  90  10:14  Nexus  
  90  10:16  Probe (Chrono Boost)  
  90  10:21  Probe (Chrono Boost)  
  91  10:23  Robotics Bay  
  91  10:30  Probe (Chrono Boost)  
  92  10:41  Probe (Chrono Boost)  
  93  10:45  Shield Battery, Probe (Chrono Boost)  
  93  10:46  Gateway  
  93  10:48  Gateway  
  94  10:55  Probe x2  
  94  10:56  Probe  
  97  11:03  Pylon, Stalker x3  
  103  11:04  Probe  
  103  11:07  Probe  
  103  11:10  Unknown  
  105  11:11  Disruptor (Chrono Boost)  
  105  11:12  Probe  
  110  11:20  Shield Battery  
  110  11:22  Shield Battery  
  108  11:41  Gateway  
  108  11:42  Disruptor (Chrono Boost)  
  108  11:43  Gateway, Shield Battery  
  112  11:54  Probe x2  
  114  12:00  Probe  
  115  12:04  Protoss Ground Weapons Level 3 (Chrono Boost), Pylon  
  115  12:09  Dark Shrine, Probe  
  115  12:10  Disruptor (Chrono Boost)  
  120  12:18  Assimilator  
  120  12:19  Assimilator, Pylon  
  120  12:36  Stalker x3  
  124  12:39  Stalker x2  
  124  12:40  Stalker x2  
  132  12:44  Observer  
  124  13:02  Stalker x4  
  124  13:03  Stalker x2  
  122  13:08  Probe  
  107  13:27  Stalker x2  
  107  13:28  Zealot x2, Stalker x2  
  107  13:29  Probe  
  107  13:31  Nexus  
  118  13:37  Disruptor (Chrono Boost)  
  118  13:41  Shadow Stride  
  122  13:43  Assimilator  
  122  13:46  Pylon  
  122  13:48  Probe (Chrono Boost)  
  125  13:49  Photon Cannon  
  125  13:51  Probe (Chrono Boost)  
  125  13:53  Probe (Chrono Boost)  
  125  14:01  Pylon  
  125  14:04  Gateway  
  125  14:06  Dark Templar  
  127  14:11  Photon Cannon  
  125  14:21  Stalker x5  
  135  14:29  Pylon  
  135  14:32  Pylon  
  135  14:36  Disruptor (Chrono Boost)  
  133  14:57  Protoss Shields Level 1 (Chrono Boost), Stalker x6  
  145  15:00  Pylon  
  145  15:07  Photon Cannon  
  145  15:08  Nexus  
  145  15:11  Pylon  
  143  15:18  Stalker  
  145  15:21  Stalker x6  
  139  15:38  Nexus, Disruptor  
  105  15:51  Stalker x5  
  105  15:56  Dark Templar  
  117  16:11  Disruptor  
  118  16:35  Dark Templar x3  
  118  16:36  Dark Templar  
  126  16:40  Zealot x3  
  132  16:47  Disruptor  
  136  17:09  Stalker x2  
  136  17:10  Stalker x3  
  143  17:27  Dark Templar  
  127  17:36  Zealot x3  
  115  17:39  Dark Templar  
  77  17:54  Zealot  
Show
View Real Time Build Order
Export as new Build Order

Krystianer Protoss - Winner!

Build Orders:  

Get SALT Encoding   

  12  0:00  Probe  
  13  0:12  Probe  
  14  0:17  Pylon  
  14  0:24  Probe (Chrono Boost)  
  16  0:37  Probe (Chrono Boost)  
  16  0:38  Gateway  
  16  0:42  Probe (Chrono Boost)  
  16  0:45  Assimilator  
  17  0:51  Probe  
  17  0:53  Assimilator  
  18  1:03  Probe (Chrono Boost)  
  19  1:06  Gateway  
  19  1:12  Probe (Chrono Boost)  
  19  1:17  Probe (Chrono Boost)  
  20  1:24  Cybernetics Core  
  21  1:29  Probe  
  21  1:32  Pylon  
  22  1:42  Probe  
  23  1:54  Probe  
  24  1:57  Warp Gate (Chrono Boost)  
  24  2:00  Adept x2  
  28  2:06  Probe  
  29  2:09  Shield Battery  
  29  2:13  Pylon  
  29  2:18  Probe  
  30  2:31  Adept x2  
  33  2:47  Nexus  
  33  2:52  Probe  
  34  3:01  Adept x2  
  38  3:10  Probe, Pylon  
  39  3:28  Probe  
  39  3:29  Robotics Facility  
  39  3:31  Shield Battery  
  40  3:39  Adept  
  40  3:40  Adept  
  44  3:47  Pylon  
  44  3:59  Probe x2 (Chrono Boost)  
  44  4:01  Sentry x2  
  50  4:08  Probe (Chrono Boost)  
  52  4:13  Immortal (Chrono Boost)  
  51  4:23  Shield Battery  
  51  4:28  Sentry x2  
  53  4:46  Immortal (Chrono Boost)  
  50  5:13  Pylon  
  48  5:14  Pylon  
  48  5:20  Warp Prism (Chrono Boost)  
  47  5:34  Stalker  
  49  5:38  Gateway  
  49  5:40  Gateway  
  49  5:46  Immortal (Chrono Boost)  
  53  6:15  Probe  
  53  6:16  Nexus  
  55  6:26  Observer (Chrono Boost)  
  55  6:28  Pylon  
  55  6:30  Shield Battery  
  55  6:38  Immortal (Chrono Boost)  
  59  6:42  Probe  
  60  6:53  Stalker  
  62  6:58  Probe  
  63  7:06  Twilight Council  
  63  7:10  Probe  
  63  7:11  Phoenix  
  64  7:17  Stalker  
  64  7:22  Probe  
  67  7:28  Probe  
  68  7:33  Forge  
  68  7:35  Observer  
  69  7:37  Blink (Chrono Boost)  
  69  7:44  Probe  
  70  7:48  Observer  
  70  8:02  Nexus  
  70  8:06  Sentry x2  
  70  8:11  Stalker  
  70  8:12  Probe  
  77  8:13  Protoss Ground Weapons Level 1 (Chrono Boost)  
  77  8:14  Probe  
  78  8:22  Pylon  
  78  8:24  Probe  
  78  8:26  Probe  
  80  8:35  Stalker  
  80  8:37  Stalker  
  80  8:39  Probe  
  84  8:42  Probe  
  84  8:49  Photon Cannon  
  84  8:52  Probe  
  84  8:54  Probe  
  86  9:04  Probe  
  86  9:06  Photon Cannon, Probe  
  88  9:15  Probe  
  88  9:16  Observer  
  90  9:21  Stalker x3  
  96  9:29  Charge (Chrono Boost)  
  96  9:33  Gateway  
  96  9:36  Gateway  
  92  9:52  Stalker x2  
  92  9:53  Observer  
  92  9:58  Gateway x2  
  92  10:00  Gateway  
  92  10:02  Shield Battery  
  92  10:03  Gateway, Pylon  
  92  10:10  Observer, Gateway  
  92  10:14  Observer, Shield Battery  
  92  10:20  Stalker x3  
  98  10:25  Observer  
  99  10:28  Probe x2  
  99  10:29  Assimilator  
  99  10:33  Zealot x2  
  104  10:43  Nexus  
  104  10:44  Probe  
  104  10:46  Probe  
  104  10:47  Probe  
  104  10:48  Protoss Ground Weapons Level 2 (Chrono Boost)  
  107  10:51  Pylon  
  107  10:52  Observer (Chrono Boost)  
  107  10:54  Zealot x2  
  111  11:02  Pylon  
  111  11:03  Probe x2  
  113  11:04  Probe  
  113  11:08  Photon Cannon  
  114  11:15  Probe  
  115  11:22  Zealot x4  
  115  11:23  Probe  
  124  11:28  Zealot x2  
  124  11:32  Zealot  
  130  11:34  Zealot  
  132  11:46  Pylon  
  132  11:47  Pylon  
  132  11:49  Pylon  
  132  12:00  Probe x2  
  132  12:01  Probe  
  133  12:09  Stalker x7  
  133  12:13  Zealot x2  
  133  12:14  Observer (Chrono Boost)  
  140  12:35  Zealot x8  
  140  12:36  Zealot  
  146  12:49  Zealot  
  130  12:56  Zealot x6  
  130  12:57  Zealot x3  
  92  13:17  Stalker x9  
  92  13:19  Warp Prism (Chrono Boost)  
  105  13:23  Zealot  
  105  13:28  Observer  
  101  13:41  Shield Battery  
  101  13:44  Photon Cannon  
  101  13:45  Stalker x4  
  101  13:46  Zealot x6  
  121  13:49  Observer (Chrono Boost)  
  121  13:53  Protoss Ground Weapons Level 3 (Chrono Boost)  
  121  14:03  Nexus  
  121  14:09  Probe  
  123  14:10  Probe  
  123  14:19  Observer, Zealot x3  
  123  14:20  Zealot x7  
  123  14:21  Probe x2  
  123  14:23  Probe  
  138  14:25  Probe  
  138  14:28  Pylon  
  139  14:33  Probe  
  139  14:34  Observer  
  141  14:39  Zealot  
  141  14:40  Zealot, Stalker x3  
  141  14:42  Observer, Probe  
  152  14:45  Probe  
  147  14:55  Probe  
  147  14:58  Photon Cannon  
  148  15:00  Shield Battery  
  148  15:02  Pylon  
  148  15:09  Zealot x9  
  148  15:10  Zealot  
  148  15:11  Probe  
  148  15:12  Probe  
  170  15:15  Probe  
  170  15:20  Pylon  
  151  15:31  Zealot x10  
  147  15:37  Probe  
  147  15:39  Probe  
  117  15:51  Stalker x3  
  117  15:52  Zealot x2, Stalker x4  
  117  15:53  Zealot  
  131  16:16  Observer  
  132  16:20  Stalker x8  
  132  16:21  Nexus  
  132  16:23  Pylon  
  132  16:24  Zealot  
  132  16:25  Zealot  
  150  16:39  Probe  
  151  16:46  Zealot x10  
  169  16:48  Probe  
  170  16:59  Probe (Chrono Boost)  
  170  17:00  Probe (Chrono Boost)  
  167  17:04  Probe (Chrono Boost)  
  167  17:05  Probe (Chrono Boost)  
  167  17:08  Zealot x9  
  167  17:09  Zealot  
  167  17:12  Probe (Chrono Boost)  
  167  17:15  Photon Cannon  
  188  17:17  Probe  
  188  17:20  Probe  
  148  17:31  Zealot x8  
  144  17:41  Zealot x2  
  144  17:42  Probe  
  127  17:55  Stalker x5  
  130  18:00  Zealot x3  
Tags
 
Add a new tag
Caveats
  • Supply blocks, unpowered buildings, or Contaminate may cause inaccurate times.
  • Supply counts are checked every 10 seconds.